 Dungeon Crawl Stone Soup version 0.28.0-53-g5a82cb258f (webtiles) character file.

Game seed: 16848918560308434692

3470 DocClef the Fighter (level 9, -10/86 HPs)
             Began as a Pale Draconian Fighter on June 15, 2022.
             Was a Priest of Okawaru.
             Killed from afar by Harold (14 damage)
             ... with a harpoon shot
             ... on level 8 of the Dungeon.
             The game lasted 00:09:14 (8609 turns).

DocClef the Fighter (Pale Draconian Fighter)        Turns: 8609, Time: 00:09:15

Health: -10/86     AC: 12    Str: 23    XL:     9   Next: 79%
Magic:  9/9        EV: 12    Int:  8    God:    Okawaru [***...]
Gold:   1746       SH:  0    Dex: 11    Spells: 8/8 levels left

rFire   . . .      SeeInvis +   y - +10 quarterstaff "Net Ekkel" {pain, rN+ rCorr SInv}
rCold   . . .      Faith    .   (shield currently unavailable)
rNeg    + . .      Spirit   .   (armour unavailable)
rPois   .          Reflect  .   (helmet restricted)
rElec   .          Harm     .   k - +1 cloak
rCorr   +          Rampage  .   A - +2 pair of gloves {Stlth+}
Will    .....                   (no boots)
Stlth   ++........              (no amulet)
HPRegen 0.24/turn               t - ring of resist corrosion
MPRegen 0.11/turn               (no ring)

@: marked
A: breathe steam, AC +7, unfitting armour, cold-blooded, steam resistance
a: Breathe Steam, Renounce Religion, Heroism


You were on level 8 of the Dungeon.
You worshipped Okawaru.
Okawaru was most pleased with you.
You visited 2 branches of the dungeon, and saw 9 of its levels.
You also visited: Sewer.

You collected 1746 gold pieces.

Inventory:

Hand Weapons
 a - a +1 war axe
 y - the +10 quarterstaff "Net Ekkel" (weapon) {pain, rN+ rCorr SInv}
   (You found it on level 5 of the Dungeon)

   In the hands of one skilled in necromantic magic, it inflicts extra damage on
   living creatures.
   rN:        It protects you from negative energy.
   SInv:      It lets you see invisible.
   rCorr:     It protects you from acid and corrosion.
Armour
 b - a +0 buckler
 k - a +1 cloak (worn)
 A - a +2 pair of gloves of stealth (worn)
Jewellery
 t - a ring of resist corrosion (left hand)
Wands
 o - a wand of flame (36)
 s - a wand of iceblast (5)
 B - a wand of paralysis (10)
Scrolls
 d - 3 scrolls of amnesia
 h - 4 scrolls of identify
 w - 3 scrolls of teleportation
 x - a scroll of enchant weapon
 C - a scroll of enchant armour
Potions
 c - 3 potions of might
 e - 2 potions of berserk rage {unknown}
 g - 2 potions of invisibility {unknown}
 j - 4 potions of lignification {unknown}
 l - 3 potions of degeneration
 m - 2 potions of mutation
 n - 2 potions of heal wounds {unknown}
 p - 4 potions of curing
 q - a potion of magic {unknown}
 r - 2 potions of attraction
 u - 3 potions of haste {unknown}
 v - a potion of flight {unknown}
 z - a potion of resistance {unknown}


   Skills:
 - Level 10.7 Fighting
 - Level 2.0(6.9) Axes
 + Level 10.4(10.5) Polearms
 - Level 2.6 Dodging
 - Level 3.0 Shields


You had 8 spell levels left.
You didn't know any spells.
Your spell library was empty.

Dungeon Overview and Level Annotations

Branches:
Dungeon (8/15)             Temple (1/1) D:5           Sewer (visited)
   Lair: D:8-11

Altars:
Ashenzari
Cheibriados
Dithmenos
Elyvilon
Fedhas
Gozag
Hepliaklqana
Makhleb
Nemelex Xobeh
Okawaru
Qazlal
Ru
Sif Muna
Trog
Uskayaw
Wu Jian
Xom
Zin
The Shining One

Shops:
D:5 *

Annotations:
D:8 Harold


Innate Abilities, Weirdness & Mutations

You can breathe blasts of scalding, opaque steam.
Your pale cyan-grey scales are hard. (AC +7)
You cannot fit into any form of body armour.
You are cold-blooded and may be slowed by cold attacks.
You are immune to the effects of steam.


Message History

A kobold comes into view. It is wielding a +0 club.
An orc wizard comes into view. It is wielding a +0 dagger.
The orc priest invokes the aid of Beogh against you.
Pain shoots through your body!
An orc comes into view. It is wielding a +0 flail.
Harold looks eager to get this over with.
Harold throws a throwing net.
The throwing net hits you.
You become entangled in the net!
You see here a throwing net.
You struggle against the net.
You feel like a meek peon again.
You struggle against the net.
You struggle against the net.
Harold gestures at you while chanting. The mark upon you grows brighter.
You struggle against the net.
Harold shouts, "Can you die now?
I had plans for the rest of the day!"
Harold hits you with a +4 vorpal hand axe.
The orc priest begins to cast a cantrip, but forgets the words!
You struggle against the net.
Harold hits you with a +4 vorpal hand axe!
* * * LOW HITPOINT WARNING * * *
x2 You rip the net and break free!
Harold hits you with a +4 vorpal hand axe!
* * * LOW HITPOINT WARNING * * *
x2
Okay, then.
As you read the scroll of fear, it crumbles to dust.
You assume a fearsome visage.
Harold resists with almost no effort.
The orc warrior looks frightened!
The orc priest looks frightened!
The orc looks frightened!
The kobold looks frightened!
The orc wizard looks frightened!
Harold hits you but does no damage.
The orc wizard casts a spell.
The orc wizard flickers and vanishes for a moment.
As you read the scroll of summoning, it crumbles to dust.
Wisps of shadow whirl around you...
The shadows disperse without effect.
Harold hits you but does no damage.
Okay, then.
Harold fires a harpoon shot at you. The harpoon shot hits you!
You die...

#.# #...(...# #<#
##..#.K## # #.#
#./#.#.###.# #.#
#oo#.##.#o# #.#
####...)....## #.#
#......o.....# #... #.#
#..####.##...# #..#
#.###..####o##...####..#
#.......@.@.........#..#
#####..###..[....##.#..#
#..# #####.#.#..#..#
#..# ####.#..#.#..#
#..####......###..(#
#...........## ##..##
#.#####......###....#
#.# #.##.##.#.##..#
#.##.###.###...


You could see Harold and an orc.

Vanquished Creatures
  Erica (D:8)
  A water moccasin (D:5)
  3 ice beasts
  A hornet zombie (D:7)
  2 sky beasts
  6 ogres
  5 centaurs
  A necrophage (D:7)
  2 phantoms
  A kobold brigand (Sewer)
  A bullfrog (D:7)
  2 scorpions
  5 wights (D:6)
  A howler monkey (D:6)
  A bullfrog zombie (D:4)
  A centaur zombie (D:7)
  A jelly (D:5)
  A centaur skeleton (D:7)
  An orc priest (D:4)
  A bullfrog skeleton (D:6)
  2 iguanas (D:6)
  3 orc wizards
  A killer bee zombie (D:7)
  A hound skeleton (D:4)
  A howler monkey skeleton (D:6)
  5 adders
  A gnoll (D:7)
  5 river rats
  3 shadow imps
  A white imp (D:7)
  2 ufetubi (D:6)
  3 worms
  4 dart slugs
  14 orcs
  13 ball pythons
  7 endoplasms
  2 giant cockroaches (D:4)
  6 goblins
  6 hobgoblins
  10 jackals
  6 kobolds
  10 quokkas
  3 bats (D:1)
  4 frilled lizards
  6 rats
157 creatures vanquished.

Vanquished Creatures (collateral kills)
  An orc (D:4)
  A hobgoblin (D:4)
2 creatures vanquished.

Vanquished Creatures (others)
  11 plants (Sewer)
11 creatures vanquished.

Grand Total: 170 creatures vanquished

Notes
Turn   | Place    | Note
-------+----------+-------------------------------------------
     0 | D:1      | DocClef the Draconian Fighter began the quest for the Orb.
     0 | D:1      | Reached XP level 1. HP: 19/19 MP: 1/1
   350 | D:1      | Reached XP level 2. HP: 25/27 MP: 2/2
  1054 | D:2      | Noticed an ogre
  1059 | D:2      | Killed an ogre
  1060 | D:2      | Reached XP level 3. HP: 13/37 MP: 3/3
  1060 | D:2      | Reached XP level 4. HP: 16/44 MP: 4/4
  1922 | D:2      | Reached XP level 5. HP: 51/51 MP: 5/5
  2662 | D:3      | Found a glowing silver altar of Zin.
  3017 | D:4      | Found a glowing drain.
  3021 | Sewer    | Entered a sewer
  3480 | Sewer    | Reached XP level 6. HP: 54/60 MP: 6/6
  4681 | D:4      | Your scales start taking on a pale cyan-grey colour.
  4681 | D:4      | Reached XP level 7. HP: 52/69 MP: 7/7
  4681 | D:4      | Gained mutation: You are immune to the effects of steam.
                  | [Pale Draconian growth]
  4840 | D:4      | Found a glowing golden altar of the Shining One.
  5081 | D:5      | Entered Level 5 of the Dungeon
  5237 | D:5      | Found a staircase to the Ecumenical Temple.
  5249 | Temple   | Entered the Ecumenical Temple
  5454 | Temple   | Became a worshipper of Warmaster Okawaru
  5523 | D:5      | Found an ornate altar of the Wu Jian Council.
  5596 | D:5      | Identified the +10 quarterstaff "Net Ekkel" {pain, rN+
                  | rCorr SInv}
  5760 | D:5      | Reached skill level 10 in Fighting
  6196 | D:5      | Reached * piety under Okawaru
  6197 | D:5      | Reached XP level 8. HP: 55/81 MP: 8/8
  6200 | D:5      | Identified a scroll of acquirement
  6200 | D:5      | Acquired 1328 gold pieces
  6319 | D:5      | Found Juin's Serpentskin Sales.
  6630 | D:5      | Found a hazy altar of Hepliaklqana.
  6945 | D:6      | Reached skill level 5 in Polearms
  7293 | D:6      | Reached ** piety under Okawaru
  7597 | D:6      | Found a snail-covered altar of Cheibriados.
  7600 | D:6      | Found a broken altar of Ashenzari.
  7601 | D:6      | Found a stormy altar of Qazlal.
  7602 | D:6      | Found an opulent altar of Gozag.
  7660 | D:6      | Reached XP level 9. HP: 84/86 MP: 9/9
  8573 | D:8      | Noticed Erica
  8577 | D:8      | Noticed Harold
  8592 | D:8      | Killed Erica
  8592 | D:8      | Reached *** piety under Okawaru
  8593 | D:8      | Reached skill level 10 in Polearms
  8604 | D:8      | HP: 4/86 [Harold/+4 vorpal hand axe (16)]
  8609 | D:8      | Killed from afar by Harold

Illustrated notes

Levels and vault maps discovered:
D:1:      lightli_arrival_windingriver, layout_loops_ring, patterned_corridor
D:2:      layout_basic
D:3:      layout_loops_ring, zin_statuary, minivault_19,
          chequers_serial_rivers_micro_a
D:4:      layout_loops_ring, tso_metal_star, gup_sewer_entry_spiral
D:5:      layout_basic, mainiacjoe_overflow_alcove_2,
          nicolae_hepliaklqana_hazy_memory, minmay_temple_entry_stoned_glass,
          solitary_fountain, st_stairs_7, guppyfry_shop_venom
D:6:      layout_basic, minitemple
D:7:      layout_gridville, minmay_diced_spiral
D:8:      layout_loops_ring, uniq_harold, uniq_maurice, uniq_psyche, uniq_erica
Temple:   minmay_temple_curvy_loop

Skill      XL: |  1  2  3  4  5  6  7  8  9 |
---------------+----------------------------+-----
Fighting       | 4 6 7 8 10 | 10.7
Polearms       | 7 10 | 10.4
Axes           | |  2.0
Dodging        | |  2.6
Shields        | |  3.0

Action                   |  1- 3 |  4- 6 |  7- 9 || total
-------------------------+-------+-------+-------++-------
Melee: War axe           |    49 |   210 |    36 ||   295
       Tailslap          |     9 |    21 |    23 ||    53
       Quarterstaff      |       |       |   158 ||   158
Invok: Heroism           |       |       |     1 ||     1
 Abil: Breathe Steam     |       |       |     2 ||     2
  Use: Scroll            |       |    10 |     6 ||    16
 Stab: Sleeping          |     1 |       |     2 ||     3
Armor: Skin              |    17 |    74 |    93 ||   184
Dodge: Dodged            |    39 |   117 |   159 ||   315
Block: Buckler           |     8 |    42 |    10 ||    60
